Map: Emerald City LE

Players

Massa - Winner!

  • Race: Terran Terran
  • League: Platinum
  • Spawn Location: 5:00

qqq - Winner!

  • Race: Zerg Zerg
  • Spawn Location: 5:00

DosenRavioli

  • Race: Terran Terran
  • League: Platinum
  • Spawn Location: 11:00

WaRCrY

  • Race: Protoss Protoss
  • League: Diamond
  • Spawn Location: 11:00

VOD

Have the link to the VOD?

Description

Time

  • Played on: Nov. 5, 2020, 3:57 p.m.
  • Length: 10:37
Show
View Real Time Build Order
Export as new Build Order

Massa Terran - Winner!

Build Orders: Gas First Reaper Expand 

Get SALT Encoding   

  12  0:00  SCV  
  13  0:12  SCV  
  14  0:23  Supply Depot  
  14  0:24  SCV  
  15  0:35  Refinery  
  15  0:45  SCV  
  15  0:46  Barracks  
  16  0:57  SCV  
  17  1:12  Supply Depot  
  17  1:17  SCV  
  18  1:29  SCV  
  19  1:39  Reaper  
  20  1:41  Orbital Command  
  20  1:59  Command Center  
  20  2:07  SCV  
  21  2:11  Marine  
  22  2:18  Factory  
  22  2:23  Supply Depot  
  22  2:24  SCV  
  23  2:30  Barracks Reactor  
  23  2:38  SCV  
  24  2:50  SCV  
  25  3:26  Marine x2  
  26  3:35  Factory Tech Lab  
  26  3:37  Orbital Command  
  26  3:39  SCV  
  27  3:43  Marine x2  
  27  3:45  Refinery  
  27  3:48  Starport  
  29  3:49  Supply Depot  
  29  3:51  SCV  
  29  3:52  Engineering Bay  
  30  3:57  Supply Depot  
  30  4:00  Command Center  
  30  4:01  Marine  
  31  4:07  SCV x2  
  33  4:16  Marine  
  34  4:19  SCV x2  
  34  4:21  Supply Depot, Siege Tank  
  39  4:38  Missile Turret  
  39  4:41  Missile Turret  
  39  4:52  Medivac  
  41  4:53  Cyclone  
  45  5:00  SCV x2  
  45  5:05  Marine x2  
  45  5:06  Refinery  
  48  5:10  Barracks  
  48  5:12  SCV x2  
  50  5:21  Barracks  
  50  5:23  Marine  
  50  5:24  SCV x2  
  53  5:30  Marine, Siege Tank  
  57  5:39  Armory  
  57  5:41  Marine  
  57  5:42  Orbital Command, Terran Infantry Weapons Level 1, Supply Depot  
  58  5:48  Marine  
  59  5:59  Marine  
  59  6:02  Medivac  
  62  6:06  Barracks Reactor  
  62  6:07  Barracks Tech Lab  
  62  6:10  Barracks Tech Lab  
  62  6:13  Refinery  
  62  6:19  Missile Turret  
  62  6:21  SCV  
  62  6:22  SCV x2  
  62  6:23  Missile Turret  
  65  6:34  SCV x3  
  68  6:45  Stimpack  
  68  7:15  Marauder x2  
  68  7:16  Marine x2  
  66  7:33  Marine x2  
  66  7:34  Engineering Bay  
  66  7:36  SCV x2  
  66  7:37  Marauder x2  
  72  7:47  Combat Shield  
  72  7:48  SCV x2  
  72  7:51  Orbital Command, Marine  
  74  7:58  Marauder x2  
  79  8:00  SCV x2  
  79  8:03  Barracks  
  79  8:04  Barracks  
  81  8:11  Factory  
  81  8:12  SCV  
  82  8:13  SCV  
  82  8:15  Marine, Siege Tank  
  82  8:16  Marine  
  82  8:19  Marauder  
  90  8:24  Concussive Shells  
  90  8:28  SCV x3  
  90  8:33  Marine  
  90  8:34  Marine  
  94  8:40  SCV x3  
  98  8:43  Missile Turret  
  98  8:51  Starport Reactor  
  98  8:52  SCV x2  
  98  8:53  Barracks Reactor  
  98  8:54  Barracks Tech Lab  
  100  8:56  Factory Tech Lab  
  100  9:29  Marine  
  101  9:38  Supply Depot  
  101  9:39  Supply Depot x2  
  101  9:41  Supply Depot x3  
  101  9:42  Supply Depot  
  101  9:45  Supply Depot  
  101  9:59  Marine x2  
  85  10:00  Marauder x2, Marine x2, Medivac x2  
  101  10:01  Marauder  
  115  10:17  Marine x2  
  115  10:18  Marine x2  
Show
View Real Time Build Order
Export as new Build Order

qqq Zerg - Winner!

Build Orders: Hatch First, Muta Ling Bane 

Get SALT Encoding   

  12  0:00  Drone  
  13  0:08  Drone  
  14  0:40  Hatchery  
  13  0:49  Drone  
  14  0:57  Spawning Pool  
  13  1:05  Overlord  
  13  1:09  Drone  
  14  1:20  Extractor  
  13  1:29  Drone x3  
  16  1:40  Drone  
  17  2:01  Drone  
  17  2:02  Drone  
  17  2:04  Drone, Queen  
  22  2:22  Queen  
  22  2:23  Overlord  
  22  2:24  Drone  
  25  2:30  Metabolic Boost  
  25  2:33  Drone  
  25  2:36  Drone  
  27  2:40  Drone  
  28  2:46  Drone  
  28  2:48  Zergling x2  
  28  2:50  Zergling x2  
  31  2:51  Zergling x2  
  31  2:56  Zergling x2  
  31  2:57  Zergling x2  
  34  3:07  Zergling x2  
  34  3:09  Overlord  
  35  3:18  Zergling x2  
  36  3:20  Overlord  
  36  3:23  Overlord x2  
  36  3:32  Zergling x8  
  40  3:42  Zergling x4  
  40  3:43  Zergling x2  
  40  3:47  Lair  
  43  3:54  Zergling x2  
  44  3:56  Drone x3  
  47  4:10  Zergling x6  
  47  4:11  Drone  
  49  4:27  Zergling x4  
  49  4:28  Drone x4  
  53  4:35  Zergling x2  
  51  4:46  Drone x2  
  52  4:59  Spore Crawler  
  50  5:03  Drone x2  
  50  5:04  Drone  
  50  5:05  Spire  
  47  5:15  Hatchery  
  44  5:24  Zergling x4  
  45  5:33  Drone x3  
  47  5:37  Drone x4  
  47  5:38  Extractor  
  47  5:41  Spore Crawler  
  49  5:46  Extractor x2  
  47  5:52  Drone  
  47  5:54  Overlord  
  48  5:59  Overlord  
  48  6:00  Drone  
  48  6:03  Hatchery  
  48  6:07  Hatchery  
  47  6:13  Hatchery, Overlord  
  46  6:24  Mutalisk x3  
  52  6:26  Zerg Flyer Weapons Level 1  
  52  6:30  Drone x5  
  52  6:32  Queen  
  57  6:38  Corruptor  
  61  6:41  Corruptor  
  61  6:44  Drone  
  64  6:55  Corruptor  
  66  7:01  Drone  
  66  7:02  Baneling Nest  
  66  7:03  Corruptor  
  63  7:18  Spore Crawler  
  63  7:20  Drone x3  
  63  7:22  Drone x6  
  71  7:23  Drone  
  71  7:24  Drone  
  73  7:32  Corruptor  
  73  7:35  Overlord  
  75  7:44  Spore Crawler  
  75  7:47  Corruptor x2  
  75  7:55  Drone x5  
  76  8:06  Drone x2  
  76  8:07  Drone x6  
  76  8:08  Drone  
  76  8:11  Baneling x3  
  76  8:12  Baneling x2  
  85  8:13  Baneling  
  85  8:14  Baneling x2  
  85  8:15  Baneling x2  
  85  8:16  Baneling  
  85  8:25  Mutalisk, Corruptor  
  85  8:27  Zergling x6  
  91  8:29  Drone x2  
  91  8:33  Overlord  
  92  8:38  Mutalisk x2  
  92  8:39  Zergling x2  
  92  8:40  Drone, Zergling x2  
  92  8:41  Drone  
  99  9:14  Extractor  
  99  9:15  Extractor, Centrifical Hooks  
  97  9:22  Mutalisk x3  
  97  9:24  Zergling x12  
  105  9:25  Zergling x4  
  109  10:07  Corruptor  
  109  10:09  Overlord x5  
  111  10:15  Spine Crawler, Spore Crawler  
  111  10:16  Spine Crawler  
Show
View Real Time Build Order
Export as new Build Order

DosenRavioli Terran 

Build Orders:  

Get SALT Encoding   

  12  0:00  SCV  
  13  0:12  SCV  
  14  0:18  Supply Depot  
  14  0:24  SCV  
  15  0:29  Refinery  
  15  0:40  SCV  
  16  0:46  Barracks  
  16  0:52  SCV  
  17  1:04  SCV  
  18  1:16  SCV  
  19  1:28  SCV  
  20  1:41  Barracks Reactor  
  20  1:45  SCV  
  21  1:52  Factory  
  20  1:57  SCV  
  21  2:01  Command Center  
  21  2:09  Refinery, SCV  
  22  2:21  Marine  
  23  2:30  Orbital Command  
  23  2:39  Starport  
  23  2:48  Factory Tech Lab  
  23  2:51  Supply Depot  
  23  2:54  Marine  
  23  3:12  SCV, Marine  
  25  3:16  Supply Depot  
  25  3:23  Marine  
  25  3:24  SCV  
  27  3:28  Barracks  
  27  3:30  Starport Tech Lab  
  27  3:36  SCV  
  28  3:41  Barracks  
  28  3:49  Orbital Command  
  28  3:54  SCV  
  29  4:00  Siege Tank  
  32  4:08  SCV  
  33  4:14  Starport Reactor  
  28  4:17  Marine x2  
  28  4:20  SCV  
  32  4:28  Orbital Command  
  32  4:30  Supply Depot  
  32  4:40  SCV  
  31  4:51  Marine  
  31  4:52  SCV, Supply Depot  
  32  4:57  Stimpack  
  32  4:59  Barracks Tech Lab  
  32  5:01  Marine  
  32  5:02  Marauder  
  35  5:13  Marine  
  36  5:18  Marine  
  36  5:19  Marine  
  38  5:23  Combat Shield  
  38  5:24  Marauder  
  39  5:30  Marine  
  40  5:36  Marine  
  40  5:37  Marine  
  40  5:41  Siege Tank  
  45  5:43  Medivac  
  45  5:45  Marauder  
  45  5:48  SCV, Marine  
  51  5:52  SCV  
  51  5:54  Marine  
  51  5:55  Marine  
  54  6:00  SCV, Supply Depot  
  55  6:04  SCV  
  55  6:06  Marine x2  
  58  6:12  SCV  
  58  6:16  SCV  
  60  6:22  Marine x2  
  60  6:23  Medivac x2  
  60  6:24  SCV, Marauder  
  69  6:28  SCV  
  70  6:34  Marine  
  70  6:35  Supply Depot  
  70  6:36  SCV  
  70  6:39  Supply Depot  
  72  6:40  Marine  
  72  6:41  SCV  
  70  6:48  SCV  
  70  6:53  SCV, Medivac  
  73  7:06  SCV x2  
  75  7:17  Medivac  
  75  7:21  SCV x2  
  79  7:23  Medivac  
  79  7:24  Refinery  
  79  7:25  Refinery  
  79  7:29  Marine  
  81  7:30  Marauder, Marine x2  
  81  7:33  SCV  
  87  7:47  Marine x2, Medivac, Supply Depot  
  87  7:48  Marauder  
  87  7:49  Supply Depot  
  93  7:57  Marauder  
  95  8:08  Medivac  
  95  8:09  Marine x2  
  95  8:10  Marauder  
  95  8:12  Supply Depot  
  101  8:17  Medivac  
  101  8:18  Marine  
  104  8:31  Marauder  
  105  8:46  Marine x2  
  105  8:47  Marine  
  111  8:50  Siege Tank  
  111  8:52  Marauder  
  113  9:05  Marauder  
  115  9:14  Marauder  
  115  9:19  Marine x2  
  115  9:22  Siege Tank  
  120  9:26  Marauder  
  118  9:34  Marine  
  118  9:36  Marine  
  118  9:37  Marine  
  121  9:45  Medivac  
  121  9:48  Marauder  
  121  9:52  Marine  
  123  10:00  Siege Tank  
  123  10:03  Command Center  
  126  10:13  Marine x2  
Show
View Real Time Build Order
Export as new Build Order

WaRCrY Protoss 

Build Orders: Phoenix Opening 

Get SALT Encoding   

  12  0:00  Probe  
  13  0:12  Probe  
  14  0:19  Pylon  
  14  0:24  Probe  
  15  0:37  Probe (Chrono Boost)  
  15  0:39  Gateway  
  16  0:46  Probe (Chrono Boost)  
  16  0:49  Assimilator  
  17  0:52  Probe  
  18  1:07  Probe  
  19  1:19  Probe  
  20  1:47  Nexus  
  20  1:49  Cybernetics Core  
  20  1:51  Probe, Assimilator  
  21  2:01  Pylon  
  21  2:13  Probe (Chrono Boost)  
  22  2:25  Probe (Chrono Boost), Warp Gate  
  22  2:26  Adept (Chrono Boost)  
  24  2:37  Probe  
  25  2:44  Stargate  
  25  2:50  Probe  
  26  2:54  Stalker  
  28  3:04  Probe (Chrono Boost)  
  30  3:09  Probe (Chrono Boost)  
  31  3:13  Probe (Chrono Boost)  
  31  3:17  Probe (Chrono Boost)  
  31  3:18  Probe (Chrono Boost)  
  31  3:27  Probe  
  33  3:34  Probe  
  33  3:35  Phoenix (Chrono Boost)  
  33  3:40  Probe  
  36  3:44  Assimilator x2  
  36  3:46  Probe  
  36  3:47  Pylon  
  37  3:50  Pylon  
  37  3:52  Probe  
  37  3:54  Adept  
  40  3:58  Probe (Chrono Boost), Phoenix  
  43  4:07  Probe (Chrono Boost)  
  44  4:11  Probe (Chrono Boost)  
  45  4:19  Shield Battery  
  45  4:22  Probe (Chrono Boost)  
  45  4:23  Probe (Chrono Boost)  
  47  4:30  Pylon  
  45  4:34  Pylon  
  45  4:35  Oracle (Chrono Boost)  
  40  4:47  Probe  
  31  4:58  Probe  
  31  4:59  Probe  
  30  5:05  Oracle (Chrono Boost)  
  30  5:12  Probe, Pylon  
  33  5:24  Probe  
  32  5:31  Adept  
  34  5:36  Probe  
  34  5:38  Oracle (Chrono Boost)  
  38  5:44  Nexus  
  38  5:46  Pylon  
  38  5:48  Pylon  
  38  5:51  Probe  
  39  6:06  Probe  
  40  6:19  Probe (Chrono Boost)  
  40  6:20  Phoenix  
  43  6:30  Probe (Chrono Boost)  
  44  6:35  Probe (Chrono Boost)  
  44  6:36  Shield Battery  
  45  6:45  Probe, Stalker  
  48  6:53  Phoenix  
  50  7:05  Probe  
  50  7:06  Probe  
  45  7:22  Probe  
  44  7:34  Probe (Chrono Boost)  
  44  7:35  Probe (Chrono Boost)  
  47  7:46  Probe (Chrono Boost)  
  47  7:50  Probe (Chrono Boost)  
  48  7:52  Probe (Chrono Boost)  
  48  7:54  Stargate  
  49  8:01  Probe (Chrono Boost)  
  49  8:04  Phoenix  
  50  8:06  Probe (Chrono Boost)  
  50  8:12  Probe  
  52  8:15  Probe  
  53  8:24  Probe  
  54  8:27  Probe  
  54  8:31  Pylon  
  55  8:35  Phoenix  
  55  8:36  Probe  
  55  8:39  Probe  
  59  8:41  Phoenix  
  61  8:59  Probe x2  
  61  9:00  Phoenix  
  61  9:01  Nexus  
  63  9:17  Probe  
  61  9:18  Phoenix  
  63  9:28  Fleet Beacon  
  63  9:33  Pylon  
  63  9:36  Forge  
  63  9:41  Probe (Chrono Boost)  
  65  9:45  Phoenix  
  65  9:46  Probe (Chrono Boost), Phoenix  
  65  9:52  Probe (Chrono Boost)  
  70  9:57  Probe  
  70  9:59  Probe  
  72  10:23  Probe x2 (Chrono Boost)  
  72  10:26  Stargate  
  74  10:31  Stargate  
  74  10:33  Assimilator x2  
Tags
 
Add a new tag
Caveats
  • Supply blocks, unpowered buildings, or Contaminate may cause inaccurate times.
  • Supply counts are checked every 10 seconds.